 Dungeon Crawl Stone Soup version 0.22.1-1-ga44c0e56f4 (webtiles) character file.

15697 Nebulos the Covert (level 12, -6/56 HPs)
             Began as a Spriggan Venom Mage on Sept 20, 2018.
             Was an Elder of Makhleb.
             Killed from afar by a frost giant (12 damage)
             ... with a bolt of cold
             ... in an ice cave.
             The game lasted 01:28:41 (14373 turns).

Nebulos the Covert (Spriggan Venom Mage)           Turns: 14373, Time: 01:28:41

Health: -6/56      AC:  4    Str:  5    XL:     12   Next: 3%
Magic:  27/27      EV: 27    Int: 20    God:    Makhleb [****..]
Gold:   259        SH:  0    Dex: 17    Spells: 28/32 levels left

rFire    + . .     SeeInvis +   x - +0 spear (flame)
rCold    + . .     Gourm    .   (shield restricted)
rNeg     . . .     Faith    +   K - +2 robe {MR+}
rPois    +         Spirit   .   (helmet restricted)
rElec    +         Reflect  .   (no cloak)
rCorr    +         Harm     .   (gloves unavailable)
MR       +++..                  (boots unavailable)
Stlth    +++++.....             A - amulet of faith
HPRegen  0.18/turn              N - ring of flight
MPRegen  0.20/turn              (no ring)

@: resistant, very quick
A: very small, unfitting armour, see invisible, herbivore, speed 3, slow
metabolism 2
a: Minor Destruction, Lesser Servant of Makhleb, Major Destruction, Renounce
Religion, Evoke Flight


You were in an ice cave.
You worshipped Makhleb.
Makhleb was greatly pleased with you.
You were very hungry.

You visited 2 branches of the dungeon, and saw 12 of its levels.
You also visited: Ossuary and Ice Cave.

You collected 793 gold pieces.
You spent 534 gold pieces at shops.

Inventory:

Hand Weapons
 b - a +4 spear
 e - a +2 dagger of venom
 m - a +3 short sword
 t - a +0 dagger of speed
 x - a +0 spear of flaming (weapon)
Armour
 K - a +2 robe of magic resistance (worn)
Magical Staves
 J - an uncursed staff of fire
Jewellery
 A - an amulet of faith (around neck)
 N - a ring of flight (left hand)
Wands
 f - a wand of flame (27)
 y - a wand of polymorph (6)
 L - a wand of disintegration (17)
Scrolls
 d - 3 scrolls of identify
 g - a scroll of amnesia
 h - 3 scrolls of teleportation
 i - 3 scrolls of enchant weapon
 j - 3 scrolls of remove curse
 n - a scroll of fear {unknown}
 q - 6 scrolls of enchant armour
 s - a scroll of blinking {unknown}
 u - 4 scrolls of immolation
 z - 2 scrolls of noise {unknown}
 C - 2 scrolls of fog {unknown}
 G - 4 scrolls of random uselessness {unknown}
 M - a scroll of magic mapping {unknown}
Potions
 k - 2 potions of flight
 l - 2 potions of ambrosia
 o - 5 potions of brilliance
 v - a potion of might
 w - a potion of curing
 B - a potion of cancellation
 E - 3 potions of berserk rage
 F - 2 potions of lignification
 H - a potion of mutation
Comestibles
 c - 6 rations


   Skills:
 + Level 3.3 Fighting
 + Level 6.4 Short Blades
 + Level 1.5 Polearms
 + Level 11.4 Dodging
 + Level 11.6 Stealth
 * Level 10.6 Spellcasting
 * Level 6.5 Conjurations
 + Level 2.2 Air Magic
 + Level 5.9 Poison Magic
 + Level 5.4 Invocations
 + Level 1.9 Evocations


You had 28 spell levels left.
You knew the following spells:

 Your Spells              Type           Power        Failure   Level  Hunger
a - Sting                 Conj/Pois      ####         1%          1    None
b - Mephitic Cloud        Conj/Pois/Air  ####....     2%          3    None

Your spell library contained the following spells:

 Spells                   Type           Power        Failure   Level  Hunger
 Poisonous Vapours        Pois/Air       ####..       1%          2    None
 Olgreb's Toxic Radiance  Pois           ####....     5%          4    ##.....
 Animate Skeleton         Necr           N/A          7%          1    None
 Apportation              Tloc           ##....       7%          1    None
 Confusing Touch          Hex            ##....       7%          1    None
 Summon Small Mammal      Summ           ##..         7%          1    None
 Venom Bolt               Conj/Pois      #####.....   14%         5    ####...


Dungeon Overview and Level Annotations

Branches:
Dungeon (11/15)            Temple (1/1) D:6            Lair (0/6) D:9
    Orc: D:9-12

Altars:
Dithmenos
Fedhas
Hepliaklqana
Makhleb
Qazlal
Ru
Trog
Uskayaw
Vehumet
Zin

Shops:
D:4 (   D:5 !:*   D:11 ?

Annotations:
D:3 grinder, Grinder
D:5 shops melkalure
D:10 pain, Urug IceCv exclusion: ice statue


Innate Abilities, Weirdness & Mutations

You are very small and have problems with some larger weapons.
You are too small for most types of armour.
You have supernaturally acute eyesight. (SInv)
You are a herbivore.
You cover ground extremely quickly.
You need to consume almost no food.


Message History

The polar bear is lightly wounded.
The polar bear bites you but does no damage.
The polar bear completely misses you. The polar bear misses you.
A demon appears!
The polar bear closely misses you. The polar bear misses you.
The polar bear claws you.
A demon appears!
The polar bear bites your smoke demon but does no damage.
The polar bear closely misses your smoke demon.
The polar bear barely misses your smoke demon.
The frost giant gestures at you while chanting.
The bolt of cold hits the polar bear.
The polar bear resists.
The bolt of cold hits you! You resist.
* * * LOW HITPOINT WARNING * * *
Your smoke demon hits the polar bear.
The polar bear dies!
Makhleb accepts your kill.
You swap places.
The frost giant points at you and mumbles some strange words.
The bolt of cold hits your smoke demon. The bolt of cold hits you! You resist.
You die...

#...####
=$#....#.# #
#..Y.Y.#C##
##. #C.#.##
#.## ##3##C#
#..# #####.##
##..##
##..#3##
##.§8.#
#...#..#
#..§§.##
##.##@..#
##§.#...#
#..###⌠.#
#..###..##
#.###..####Y##
##..# #..#####
#..# ##.#
##..## ##..#
##÷# #...#
#..## #.##
#...# #.##
#.## ##.5##
#..# #..#
#...###..#
##.#


You could see a frost giant and a friendly smoke demon.

Vanquished Creatures
  Erolcha (D:10)
  4 death yaks
  A centaur skeleton (D:10)
  2 ice devils (D:11)
  11 polar bears (IceCv)
  2 hippogriffs
  Sigmund (D:3)
  12 yaks
  2 hungry ghosts
  2 porcupines (D:9)
  2 orc warriors
  An ice beast (D:8)
  4 sky beasts
  A phantom (D:7)
  2 hornet zombies
  2 ogres
  17 wolves (IceCv)
  A centaur (D:11)
  A crocodile (D:10)
  Blork the orc (D:4)
  2 big kobolds (D:10)
  4 bullfrogs
  A gnoll sergeant (D:7)
  A water moccasin zombie (D:10)
  6 killer bees
  A wight (D:9)
  An electric eel (D:11)
  4 howler monkeys
  3 crimson imps
  3 bullfrog zombies
  2 centaur zombies
  4 orc priests
  5 hounds
  2 bullfrog skeletons
  12 orc wizards
  3 hell rats (D:9)
  2 iguanas
  7 worker ants
  2 big kobold zombies (Ossuary)
  4 mummies (Ossuary)
  3 hound skeletons
  2 worker ant zombies (D:5)
  11 adders
  7 gnolls
  An adder zombie (D:5)
  3 worms
  A dart slug (D:1)
  5 leopard geckos
  35 orcs
  9 bats
  5 giant cockroaches
  9 goblins
  5 hobgoblins
  6 jackals
  9 quokkas
  2 ball pythons
  3 frilled lizards
  A gnoll zombie (Ossuary)
  2 goblin zombies (D:7)
  A hobgoblin zombie (Ossuary)
  A jackal skeleton (D:7)
  17 kobolds
  A kobold zombie (Ossuary)
  A leopard gecko skeleton (D:2)
  2 orc zombies (Ossuary)
  2 quokka skeletons (D:4)
  3 rats
286 creatures vanquished.

Vanquished Creatures (collateral kills)
  Erica (D:9)
  A death yak (IceCv)
  A troll (D:9)
  7 polar bears (IceCv)
  A yak (IceCv)
  A hungry ghost (D:8)
  Menkaure (D:5)
  An ice beast (D:8)
  2 wolves (IceCv)
  An ogre (D:10)
  A scorpion (D:10)
  8 wights
  A crimson imp (D:8)
  A bullfrog zombie (D:10)
  2 hounds
  A hell rat (D:9)
  4 jackals
35 creatures vanquished.

Grand Total: 321 creatures vanquished

Notes
Turn   | Place    | Note
-------+----------+-------------------------------------------
     0 | D:1      | Nebulos the Spriggan Venom Mage began the quest for the
                  | Orb.
     0 | D:1      | Reached XP level 1. HP: 9/9 MP: 5/5
   407 | D:1      | Reached XP level 2. HP: 13/13 MP: 5/7
   495 | D:1      | Reached skill level 1 in Conjurations
   889 | D:1      | Found a burning altar of Makhleb.
   973 | D:1      | Became a worshipper of Makhleb the Destroyer
  1002 | D:2      | Reached XP level 3. HP: 11/16 MP: 6/8
  1699 | D:2      | Reached XP level 4. HP: 14/21 MP: 10/10
  2529 | D:3      | Noticed Sigmund
  2910 | D:3      | Learned a level 3 spell: Mephitic Cloud
  2948 | D:3      | Killed Sigmund
  2948 | D:3      | Reached skill level 1 in Fighting
  2948 | D:3      | Reached skill level 1 in Short Blades
  2948 | D:3      | Reached XP level 5. HP: 25/25 MP: 4/13
  2968 | D:3      | Found a burning altar of Makhleb.
  2978 | D:3      | Reached skill level 5 in Spellcasting
  2978 | D:3      | Reached XP level 6. HP: 28/30 MP: 4/14
  3019 | D:3      | Noticed Grinder
  3277 | D:3      | Reached * piety under Makhleb
  3384 | D:3      | HP: 1/30 [orc wizard/magic dart (5)]
  3715 | D:3      | Paralysed by Grinder for 4 turns
  3815 | D:4      | Noticed Blork the orc
  3834 | D:4      | Killed Blork the orc
  4100 | D:4      | Reached XP level 7. HP: 18/33 MP: 9/17
  4495 | D:4      | Found a bloodstained altar of Trog.
  4681 | D:4      | Found Okejav's Antique Weapon Shop.
  4738 | D:4      | Found a radiant altar of Vehumet.
  4740 | D:4      | Found a blossoming altar of Fedhas.
  4774 | D:5      | Entered Level 5 of the Dungeon
  4813 | D:5      | Found Sagekhis's General Store.
  4816 | D:5      | Bought a scroll of identify for 28 gold pieces
  4816 | D:5      | Bought a scroll of enchant armour for 105 gold pieces
  4892 | D:5      | Found Gith's Book Shoppe.
  5268 | D:5      | Reached skill level 5 in Dodging
  5290 | D:5      | Found Zuxein's Distillery.
  5297 | D:5      | Bought a potion of curing for 36 gold pieces
  5297 | D:5      | Bought a potion of curing for 36 gold pieces
  5297 | D:5      | Bought a potion of curing for 36 gold pieces
  5304 | D:5      | Noticed Menkaure
  5688 | D:6      | Found a staircase to the Ecumenical Temple.
  5716 | D:6      | Reached ** piety under Makhleb
  5945 | D:6      | Noticed a hungry ghost
  6129 | D:6      | Reached XP level 8. HP: 12/37 MP: 11/18
  6392 | Temple   | Entered the Ecumenical Temple
  6505 | D:6      | Reached skill level 5 in Stealth
  6505 | D:6      | Reached skill level 1 in Invocations
  6883 | D:6      | Got a warped great sword
  7400 | D:7      | Found a sand-covered staircase.
  7418 | Ossuary  | Entered an ossuary
  7831 | D:7      | Reached skill level 1 in Evocations
  7831 | D:7      | Reached XP level 9. HP: 24/41 MP: 15/21
  8918 | D:8      | Reached *** piety under Makhleb
  9299 | D:8      | Found a sacrificial altar of Ru.
  9299 | D:8      | Found a glowing silver altar of Zin.
  9410 | D:8      | Reached skill level 1 in Polearms
 10435 | D:9      | Noticed a troll
 10498 | D:9      | Killed a troll
 10645 | D:9      | Noticed Erica
 10661 | D:9      | Killed Erica
 10661 | D:9      | Reached skill level 5 in Short Blades
 10661 | D:9      | Reached XP level 10. HP: 47/47 MP: 17/23
 10792 | D:9      | Reached **** piety under Makhleb
 10949 | D:9      | Noticed an unseen horror
 11058 | D:9      | Noticed a death yak
 11061 | D:9      | Noticed a death yak
 11069 | D:9      | Noticed a death yak
 11092 | D:9      | Reached skill level 5 in Conjurations
 11125 | D:9      | Killed a death yak
 11125 | D:9      | Reached skill level 1 in Air Magic
 11125 | D:9      | Killed a death yak
 11125 | D:9      | Reached skill level 10 in Dodging
 11138 | D:9      | Killed a death yak
 11159 | D:9      | Found a staircase to the Lair.
 11298 | D:10     | Entered Level 10 of the Dungeon
 11383 | D:10     | Reached XP level 11. HP: 51/51 MP: 25/25
 11448 | D:10     | Noticed Urug
 11482 | D:10     | Reached skill level 10 in Stealth
 11520 | D:10     | Noticed a fire dragon
 11523 | D:10     | Reached skill level 5 in Poison Magic
 11642 | D:5      | Bought a scroll of teleportation for 42 gold pieces
 11642 | D:5      | Bought a scroll of teleportation for 42 gold pieces
 11676 | D:5      | Bought a potion of curing for 36 gold pieces
 11676 | D:5      | Bought a potion of curing for 36 gold pieces
 11676 | D:5      | Bought a potion of curing for 36 gold pieces
 11676 | D:5      | Bought a potion of curing for 36 gold pieces
 11707 | D:5      | Killed Menkaure
 11995 | D:10     | Reached ***** piety under Makhleb
 12001 | D:10     | Noticed Erolcha
 12069 | D:10     | Killed Erolcha
 12557 | D:11     | Found Iryguofo's Magic Scroll Shop.
 12628 | D:11     | Bought a scroll of identify for 26 gold pieces
 12628 | D:11     | Bought a scroll of remove curse for 39 gold pieces
 12654 | D:11     | Found a frozen archway.
 12760 | IceCv    | Entered an ice cave
 13036 | IceCv    | Reached skill level 10 in Spellcasting
 13405 | IceCv    | Reached skill level 5 in Invocations
 14027 | IceCv    | Noticed a death yak
 14027 | IceCv    | Noticed a death yak
 14064 | IceCv    | Killed a death yak
 14066 | IceCv    | Killed a death yak
 14077 | IceCv    | Reached XP level 12. HP: 56/56 MP: 21/27
 14105 | IceCv    | Noticed a frost giant
 14373 | IceCv    | Killed from afar by a frost giant

Skill      XL: |  1  2  3  4  5  6  7  8  9 10 11 |
---------------+----------------------------------+-----
Spellcasting   | 3 4 5 6 7 8 9 10 | 10.6
Conjurations   | 1 2 3 4 5 6 |  6.5
Fighting       | 1 2 3 |  3.3
Short Blades   | 1 2 3 4 5 6 |  6.4
Dodging        | 4 5 7 9 10 11 | 11.4
Stealth        | 4 5 7 9 11 | 11.6
Poison Magic   | 4 5 |  5.9
Invocations    | 3 4 5 |  5.4
Evocations     | 1 |  1.9
Polearms       | 1 |  1.5
Air Magic      | 1 2 |  2.2

Action                   |  1- 3 |  4- 6 |  7- 9 | 10-12 || total
-------------------------+-------+-------+-------+-------++-------
Melee: Dagger            |    70 |    37 |   383 |   404 ||   894
       Short sword       |     2 |    37 |       |       ||    39
       Spear             |       |       |   162 |    68 ||   230
 Cast: Sting             |    69 |    75 |    71 |    64 ||   279
       Mephitic Cloud    |       |     3 |    18 |    56 ||    77
Invok: Minor Destruction |       |       |    46 |     8 ||    54
       Lesser Servant of |       |       |     4 |    24 ||    28
       Major Destruction |       |       |       |     6 ||     6
 Abil: Evoke Flight      |       |       |       |     1 ||     1
Evoke: Wand              |       |       |    19 |       ||    19
  Use: Potion            |       |     4 |     5 |    22 ||    31
       Scroll            |       |       |    13 |     9 ||    22
 Stab: Sleeping          |     3 |     3 |    15 |    17 ||    38
       Confused          |       |     2 |     7 |    26 ||    35
       Distracted        |       |       |     3 |     2 ||     5
       Invisible         |       |       |       |     5 ||     5
  Eat: Ration            |       |     1 |     4 |     2 ||     7
Armor: Robe              |    11 |     2 |    27 |    27 ||    67
       Skin              |       |       |       |     5 ||     5
Dodge: Dodged            |    90 |    88 |   369 |   456 ||  1003
